Map: Port Aleksander EC

Players

TossTerr

  • Race: Protoss Protoss
  • League: Diamond
  • Spawn Location: 11:00

Sorandom - Winner!

  • Race: Zerg Zerg
  • League: Diamond
  • Spawn Location: 5:00

VOD

Have the link to the VOD?

Description

Time

  • Played on: April 8, 2019, 5:51 p.m.
  • Length: 29:07
Show
View Real Time Build Order
Export as new Build Order

TossTerr Protoss 

Build Orders:  

Get SALT Encoding   

  12  0:01  Probe  
  13  0:13  Probe  
  14  0:20  Pylon  
  14  0:25  Probe  
  15  0:38  Probe  
  15  0:40  Gateway  
  16  0:50  Probe  
  17  0:58  Forge  
  17  1:02  Probe  
  18  1:17  Probe  
  19  1:25  Pylon  
  19  1:27  Pylon  
  19  1:28  Pylon  
  19  1:44  Photon Cannon  
  19  1:47  Photon Cannon  
  19  1:52  Pylon  
  19  2:07  Pylon x2  
  19  2:19  Zealot  
  19  2:24  Probe  
  22  2:34  Photon Cannon  
  22  2:36  Cybernetics Core  
  22  2:38  Photon Cannon  
  22  2:40  Pylon  
  22  2:48  Nexus  
  21  2:53  Probe  
  21  2:57  Assimilator  
  22  3:01  Assimilator  
  22  3:02  Probe  
  23  3:12  Pylon  
  23  3:21  Probe  
  24  3:31  Probe  
  25  3:39  Probe  
  25  3:43  Warp Gate  
  25  3:47  Robotics Facility, Probe  
  27  3:59  Probe  
  27  4:00  Probe  
  29  4:07  Gateway  
  29  4:11  Probe  
  29  4:12  Pylon  
  29  4:13  Probe  
  29  4:23  Probe  
  30  4:25  Immortal  
  30  4:27  Probe, Protoss Ground Weapons Level 1  
  31  4:37  Probe  
  36  4:46  Gateway  
  36  4:50  Probe  
  36  4:51  Probe  
  38  4:57  Immortal  
  42  5:15  Robotics Bay  
  42  5:20  Pylon  
  42  5:23  Probe x2  
  44  5:28  Warp Prism  
  44  5:30  Assimilator  
  44  5:35  Probe  
  44  5:36  Probe, Assimilator  
  48  5:48  Sentry  
  48  5:49  Gateway  
  50  5:51  Probe x2  
  52  5:59  Observer  
  52  6:01  Zealot  
  54  6:04  Gravitic Drive  
  55  6:13  Stalker  
  55  6:16  Stalker  
  59  6:33  Probe x2  
  59  6:37  Gateway  
  59  6:39  Twilight Council  
  61  6:58  Protoss Ground Armor Level 1  
  61  7:01  Pylon x2  
  61  7:06  Pylon  
  61  7:13  Pylon  
  61  7:16  Pylon  
  61  7:20  Sentry  
  61  7:21  Zealot x3  
  69  7:27  Charge  
  69  7:37  Zealot  
  71  7:49  Sentry  
  57  8:30  Zealot x4  
  55  8:37  Extended Thermal Lance  
  55  8:39  Colossus  
  55  8:41  Stalker x5  
  71  8:49  Dark Shrine  
  70  8:57  Robotics Facility  
  70  9:02  Robotics Facility  
  70  9:08  Cybernetics Core  
  70  9:09  Forge  
  70  9:12  Blink  
  68  9:24  Zealot x4  
  66  10:04  Immortal  
  66  10:05  Immortal x2  
  66  10:07  Pylon  
  66  10:30  Colossus x2  
  66  10:33  Zealot  
  66  10:34  Zealot x3  
  72  10:39  Observer  
  72  10:42  Gateway  
  72  10:47  Gateway  
  72  10:49  Gateway  
  85  10:56  Observer  
  85  10:58  Sentry x3  
  85  11:01  Zealot  
  94  11:15  Nexus  
  72  11:36  Zealot x3  
  72  11:37  Stalker  
  76  11:51  Stalker  
  76  11:52  Stalker x2  
  68  12:02  Colossus x2  
  68  12:06  Immortal  
  68  12:07  Probe x2  
  86  12:20  Nexus  
  86  12:29  Pylon  
  86  12:31  Pylon  
  86  12:34  Pylon  
  86  12:46  Pylon, Nexus  
  86  12:49  Pylon  
  86  12:50  Pylon  
  86  12:54  Photon Cannon  
  86  12:55  Stalker  
  86  12:56  Stalker  
  86  12:57  Photon Cannon  
  90  12:58  Sentry x2  
  90  12:59  Shield Battery, Sentry x2  
  90  13:00  Zealot  
  80  13:28  Zealot x4  
  80  13:29  Zealot x3  
  94  14:00  Photon Cannon  
  92  14:03  Photon Cannon  
  92  14:05  Shield Battery  
  92  14:22  Stalker x2  
  92  14:23  Stalker x5  
  106  14:40  Probe x3  
  106  14:44  Probe  
  110  14:52  Probe x3  
  113  14:55  Dark Shrine  
  113  14:56  Probe  
  114  15:04  Probe  
  109  15:28  Immortal x2  
  117  15:35  Immortal  
  121  15:47  Probe  
  121  15:48  Probe x2  
  124  16:02  Assimilator  
  124  16:04  Assimilator  
  124  16:24  Sentry x4  
  124  16:25  Sentry  
  134  16:36  Dark Templar x2  
  138  16:43  Gateway  
  138  16:47  Gateway  
  138  16:49  Gateway  
  138  16:50  Gateway  
  138  17:15  Dark Templar x2, Assimilator  
  138  17:16  Dark Templar x2, Assimilator  
  146  17:36  Photon Cannon  
  146  17:38  Shield Battery  
  102  18:26  Stalker x2  
  102  18:27  Stalker x4  
  100  18:28  Stalker x3  
  110  18:38  Immortal  
  110  18:39  Immortal x2  
  110  18:59  Gateway x2  
  110  19:09  Immortal x3  
  110  19:21  Sentry x3  
  110  19:22  Stalker  
  130  19:34  Protoss Ground Weapons Level 2  
  130  19:43  Nexus  
  130  19:44  Pylon x2  
  130  19:48  Observer  
  130  19:49  Observer x2  
  133  19:53  Stargate  
  133  19:55  Stargate  
  133  19:58  Stargate  
  133  20:05  Assimilator  
  133  20:06  Assimilator  
  133  20:07  Photon Cannon x2  
  133  20:10  Shield Battery  
  133  20:12  Shield Battery  
  133  20:18  Shield Battery  
  133  20:20  Photon Cannon  
  133  20:25  Probe x3  
  133  20:26  Probe  
  137  20:45  Stargate  
  137  20:47  Stargate  
  137  20:50  Stargate  
  102  22:08  Protoss Ground Armor Level 2  
  84  22:09  Void Ray  
  84  22:10  Void Ray x5  
  94  22:26  Zealot x4  
  94  22:27  Zealot x3  
  108  22:47  Void Ray x2  
  108  22:48  Void Ray x4  
  110  23:01  Dark Templar x3, Protoss Air Weapons Level 1  
  112  23:23  Void Ray  
  112  23:24  Void Ray x2  
  112  23:25  Void Ray  
  121  23:49  Zealot x2  
  121  23:50  Zealot x4  
  132  24:01  Void Ray  
  132  24:02  Void Ray x2  
  124  24:03  Zealot x3  
  129  24:22  Dark Templar  
  129  24:34  Pylon  
  129  24:35  Pylon  
  129  24:38  Pylon  
  115  25:06  Dark Templar  
  115  25:07  Dark Templar  
  115  25:20  Dark Templar x2  
  89  28:06  Pylon  
Show
View Real Time Build Order
Export as new Build Order

Sorandom Zerg - Winner!

Build Orders: Pool First 

Get SALT Encoding   

  12  0:01  Drone  
  13  0:13  Overlord  
  13  0:18  Drone  
  14  0:31  Drone x2  
  17  0:35  Drone  
  17  0:45  Drone  
  18  0:51  Spawning Pool  
  18  0:54  Extractor  
  16  1:16  Hatchery  
  15  1:20  Drone  
  15  1:23  Drone  
  17  1:37  Drone  
  17  1:38  Drone  
  19  1:50  Spine Crawler  
  18  1:59  Zergling x4  
  20  2:04  Drone  
  21  2:15  Zergling x2  
  22  2:28  Drone  
  23  2:30  Spine Crawler  
  23  2:31  Zergling x2  
  23  2:43  Zergling x2  
  23  2:44  Zergling x2  
  25  2:48  Zergling x2  
  25  2:50  Metabolic Boost  
  26  2:54  Zergling x2  
  28  3:01  Overlord x2  
  28  3:11  Drone  
  28  3:19  Queen  
  30  3:20  Queen  
  30  3:26  Drone x2  
  34  3:28  Drone  
  35  3:36  Drone x2  
  35  3:41  Drone  
  38  3:47  Drone  
  39  3:54  Queen  
  41  4:07  Hatchery  
  39  4:12  Drone  
  39  4:13  Drone x3  
  44  4:17  Drone  
  44  4:23  Roach Warren  
  43  4:34  Evolution Chamber x2  
  43  4:37  Drone x3  
  44  4:41  Lair  
  44  4:48  Overlord  
  44  5:05  Queen  
  44  5:06  Zerg Ground Armor Level 1  
  46  5:08  Roach x3  
  52  5:19  Extractor  
  52  5:20  Spore Crawler, Extractor  
  49  5:24  Drone  
  49  5:25  Drone x6  
  56  5:29  Drone x2  
  58  5:36  Overlord, Extractor  
  57  5:44  Drone  
  57  5:45  Overlord x2  
  58  5:50  Overseer  
  58  5:56  Overseer  
  58  6:00  Drone  
  58  6:01  Drone  
  60  6:06  Roach x4  
  60  6:07  Zergling x2  
  69  6:13  Drone  
  69  6:14  Drone x4  
  74  6:22  Drone x5  
  74  6:25  Overlord  
  79  6:31  Roach  
  81  6:41  Overlord x4  
  81  6:44  Glial Reconstitution  
  81  6:48  Drone x2  
  81  6:49  Drone  
  81  6:54  Spore Crawler  
  83  6:56  Spine Crawler  
  83  7:00  Roach  
  83  7:01  Roach x2  
  88  7:06  Zerg Missile Weapons Level 1  
  88  7:07  Hydralisk Den  
  87  7:22  Roach x7  
  101  7:31  Roach x2  
  101  7:32  Roach x3  
  101  7:35  Roach  
  101  7:36  Roach  
  115  7:45  Ravager x2  
  115  8:07  Spawning Pool  
  113  8:35  Drone x2  
  115  8:55  Lair  
  115  9:03  Hatchery, Ravager  
  115  9:04  Overlord  
  115  9:05  Overlord x9  
  113  9:20  Hatchery, Hydralisk  
  113  9:21  Roach x2  
  113  9:22  Roach x2  
  115  9:27  Roach x3  
  111  9:33  Roach  
  113  9:41  Roach x2  
  113  9:44  Lair  
  102  9:50  Roach  
  92  9:55  Roach  
  86  10:08  Roach x2  
  86  10:11  Roach  
  86  10:12  Roach  
  86  10:13  Pneumatized Carapace  
  90  10:22  Roach x3  
  90  10:27  Roach  
  98  10:32  Ravager x3  
  101  10:39  Drone x2  
  101  10:40  Drone x2  
  101  10:41  Extractor  
  105  10:42  Drone  
  105  10:43  Drone, Extractor  
  105  10:47  Roach  
  107  11:00  Roach  
  107  11:01  Roach x10  
  129  11:08  Zerg Missile Weapons Level 2  
  129  11:13  Drone x6  
  129  11:17  Drone x2  
  124  11:36  Roach x7  
  110  11:48  Roach x5  
  110  11:53  Roach x2  
  112  11:59  Hydralisk x2  
  110  12:12  Roach x4  
  118  12:19  Drone x5  
  123  12:24  Spore Crawler  
  122  12:36  Roach x6  
  134  12:41  Drone  
  135  12:48  Infestation Pit  
  135  12:49  Zerg Ground Armor Level 2  
  135  12:50  Roach  
  136  12:59  Roach x5  
  136  13:04  Grooved Spines  
  136  13:05  Hydralisk  
  134  13:22  Roach x7  
  134  13:23  Roach  
  118  13:30  Roach x3  
  108  13:36  Hydralisk x3  
  114  13:46  Hydralisk, Spire  
  115  13:54  Roach  
  115  13:55  Roach x3  
  123  14:01  Hydralisk  
  123  14:02  Hydralisk x2  
  125  14:17  Roach x6  
  125  14:18  Extractor  
  136  14:26  Hive  
  136  14:28  Roach x2  
  140  14:33  Roach x2  
  144  14:42  Roach x4  
  150  15:00  Corruptor x4  
  156  15:21  Corruptor x6  
  162  15:29  Zerg Flyer Weapons Level 1  
  162  15:33  Corruptor x2  
  166  15:39  Extractor  
  166  15:41  Drone  
  166  15:42  Drone x6  
  172  15:49  Spore Crawler  
  171  16:02  Hydralisk x3  
  171  16:03  Hydralisk x4  
  185  16:09  Muscular Augments  
  185  16:23  Corruptor x4  
  193  16:43  Nydus Network  
  193  16:45  Hydralisk  
  193  16:46  Hydralisk x3  
  200  17:08  Zerg Missile Weapons Level 3  
  200  17:09  Zerg Ground Armor Level 3  
  200  17:20  Overlord x3  
  200  17:51  Nydus Canal  
  127  18:25  Roach  
  127  18:26  Roach x15  
  145  18:27  Lair  
  145  18:33  Spore Crawler  
  132  18:45  Hydralisk x3  
  132  19:04  Hatchery  
  132  19:05  Greater Spire  
  132  19:08  Drone  
  132  19:09  Drone x9  
  141  19:13  Drone x2  
  141  19:15  Hatchery  
  142  19:24  Drone  
  143  19:27  Overseer  
  143  19:30  Spore Crawler  
  142  19:37  Drone x2  
  144  19:42  Spine Crawler x2  
  144  19:45  Spine Crawler  
  141  19:55  Drone x5  
  146  20:15  Drone  
  146  20:16  Drone x5  
  152  20:23  Spore Crawler  
  152  20:26  Extractor  
  152  20:27  Extractor  
  149  20:34  Spore Crawler  
  148  20:37  Spine Crawler  
  148  20:38  Spine Crawler  
  146  20:44  Brood Lord x2  
  150  20:51  Brood Lord  
  150  20:52  Zergling x6  
  150  20:55  Hydralisk  
  157  21:05  Roach x5  
  165  21:20  Brood Lord x3  
  165  21:24  Zergling x10  
  168  21:45  Drone x2  
  168  21:46  Drone x10  
  179  21:58  Zergling x2  
  179  21:59  Zergling x6  
  170  22:08  Brood Lord  
  170  22:09  Brood Lord x2  
  170  22:13  Zerg Flyer Armor Level 1  
  176  22:17  Zerg Melee Weapons Level 1  
  176  22:30  Extractor  
  176  22:33  Extractor  
  174  22:49  Hatchery  
  166  22:58  Hydralisk x6  
  172  23:25  Hydralisk x6  
  184  23:42  Zergling x2  
  184  23:43  Zergling x10  
  190  23:59  Hatchery  
  189  24:32  Hatchery  
  186  24:39  Zergling x26  
  186  24:41  Zerg Melee Weapons Level 2  
  196  25:18  Hydralisk x2  
  197  25:29  Overseer x2  
  197  25:33  Spore Crawler  
  197  25:34  Spine Crawler  
  195  25:36  Spine Crawler  
  194  25:52  Spore Crawler  
  194  25:53  Drone  
  194  25:54  Spine Crawler  
  193  26:11  Drone  
  193  26:12  Drone x6  
  200  26:25  Hatchery  
  199  26:36  Overseer  
  181  27:04  Spawning Pool  
  181  27:08  Corruptor x6  
  184  27:38  Spawning Pool  
  171  27:58  Spore Crawler  
  171  28:00  Spore Crawler  
  171  28:03  Spore Crawler  
  171  28:04  Spore Crawler  
  167  28:05  Spore Crawler  
  165  28:32  Hatchery  
  163  28:51  Spore Crawler  
Tags
 
Add a new tag
Caveats
  • Supply blocks, unpowered buildings, or Contaminate may cause inaccurate times.
  • Supply counts are checked every 10 seconds.